 Dungeon Crawl Stone Soup version 0.30-a0-743-gbfdf073431 (webtiles) character file.

Game seed: 13258518743657252478

105 DEFE the Twirler (level 4, -3/32 HPs)
             Began as a Demonspawn Wanderer on Feb 7, 2023.
             Slain by an orc
             ... wielding a +0 mace
              (4 damage)
             ... on level 3 of the Dungeon.
             The game lasted 00:01:56 (2044 turns).

DEFE the Twirler (Demonspawn Wanderer)              Turns: 2044, Time: 00:01:57

Health: -3/32      AC:  7    Str: 15    XL:     4   Next: 54%
Magic:  5/5        EV: 10    Int: 13    God:
Gold:   120        SH:  0    Dex: 12    Spells: 4/5 levels left

rFire   . . .      SeeInvis .    a - +0 quarterstaff
rCold   + . .      Faith    .    (shield currently unavailable)
rNeg    . . .      Spirit   .    m - +0 ring mail
rPois   .          Reflect  .    (no helmet)
rElec   .          Harm     .    (no cloak)
rCorr   .          Rampage  .    (no gloves)
Will    .....                    (no boots) Stlth
                                 i - amulet of the acrobat
HPRegen 0.25/turn                h - ring of protection from cold
MPRegen 0.18/turn                (no ring)

@: confused, brilliant, flying
A: molten scales 1, powered by death 1, magic regeneration
a: no special abilities


You were on level 3 of the Dungeon.
You visited 1 branch of the dungeon, and saw 3 of its levels.

You collected 120 gold pieces.

Inventory:

Hand Weapons
 a - a +0 quarterstaff (weapon)
 c - a +0 dagger
Missiles
 b - 17 poisoned darts (quivered)
Armour
 e - a +0 robe
 m - a +0 ring mail (worn)
Jewellery
 h - a ring of protection from cold (left hand)
 i - an amulet of the acrobat (around neck)
 o - an amulet of faith
Scrolls
 d - 2 scrolls of fog
 f - a scroll of enchant armour {unknown}
 g - a scroll of torment {unknown}
 k - 2 scrolls of identify {unknown}
 l - a scroll of amnesia {unknown}
 n - 5 scrolls of fear {unknown}
 t - a scroll of butterflies {unknown}
 u - a scroll of vulnerability {unknown}
Potions
 p - a potion of ambrosia {unknown}
 r - a potion of haste {unknown}
 s - a potion of might {unknown}


   Skills:
 - Level 1.0 Fighting
 + Level 4.1 Staves
 - Level 1.0 Throwing
 - Level 1.0 Armour
 - Level 1.0 Spellcasting
 - Level 3.6 Translocations
 - Level 1.0 Evocations


You had 4 spell levels left.
You knew the following spells:

 Your Spells              Type           Power      Damage    Failure   Level
a - Apportation           Tloc           30%        N/A       13%         1

Your spell library contained the following spells:

 Spells                   Type           Power      Damage    Failure   Level
 Lesser Beckoning         Tloc           30%        N/A       19%         2
 Beastly Appendage        Tmut           0%         N/A       50%         1
 Wereblood                Tmut           0%         N/A       63%         2
 Spider Form              Tmut/Pois      0%         N/A       86%         3
 Iskenderun's Mystic Bla  Conj/Tloc      7%         2d4       95%         4


Dungeon Overview and Level Annotations

Branches:
Dungeon (3/15)

Altars:
Ashenzari
Gozag

Shops:
D:3 (

Annotations:
D:2 Sigmund
D:3 3 runed translucent doors, Shaduran's ghost, weakling HuIE


Innate Abilities, Weirdness & Mutations

You are partially covered in molten scales. (AC +2)
You regenerate a little health from kills.
You regenerate magic rapidly.


Message History

The orc hits you but does no damage. The orc wizard barely misses you.
You barely miss the orc wizard.
The orc shouts!
The orc priest shouts!
The orc shouts!
The orc wizard casts a spell at you.
You are confused.
The orc barely misses you.
The orc priest mumbles some strange prayers to Beogh against you.
Beogh smites you!
You take 11 damage, and have 16/32 hp.
MASSIVE DAMAGE!!
The orc attacks as you move away! The orc hits you with a +0 dagger.
The orc wizard completely misses you.
You take 1 damage, and have 15/32 hp.
You bump into the rock wall.
The orc wizard gestures at you while chanting.
You are more confused.
The orc hits you with a +0 dagger.
You take 4 damage, and have 11/32 hp.
Unknown command.
You're too confused to move!
The orc wizard casts a spell at you. The magic dart hits you!
* * * LOW HITPOINT WARNING * * *
The orc hits you but does no damage.
You take 10 damage, and have 1/32 hp.
MASSIVE DAMAGE!!
Unknown command.
It was a potion of brilliance.
You feel clever all of a sudden.
The orc wizard hits you but does no damage.
The orc closely misses you.
It was a potion of flight.
You feel very buoyant.
You fly up into the air.
The orc wizard casts a spell at you.
You are more confused.
The orc hits you with a +0 dagger.
* * * LOW HITPOINT WARNING * * *
The orc hits you with a +0 mace.
You die...

#..########..[..#.###.# #..#
#.. #..# ##..........# #<.#####
#..# ##...#.##### #....... #..#
#.........# ##.####.
#..##########..o#.##.# #.# #.
#.........# ##..#.##.## #.# #.
##.######.# #.o#.#...####.# #.
#.# #.# #ooo........#.####.
#.######.# ##@#.#...##.#......
#.....##.#####.#.##.###.#..###.
######>##..........#.#
#........
##...##.#########...#.#
###..#### #.###.#.# #.....#
#..# .## ##..# #..#### #### ##
##.# #..# # #.# #..# ## ##.#
#...


You could see an orc priest, an orc wizard and 3 orcs.

Vanquished Creatures
  Jessica (D:2)
  An adder (D:2)
  4 worms
  An orc (D:3)
  10 ball pythons
  6 endoplasms
  5 giant cockroaches
  5 hobgoblins
  3 kobolds
  3 quokkas
  3 bats
  3 frilled lizards
  4 goblins
  6 rats
55 creatures vanquished.

Vanquished Creatures (others)
  A plant (D:1)
1 creature vanquished.

Grand Total: 56 creatures vanquished

Notes
Turn   | Place    | Note
-------+----------+-------------------------------------------
     0 | D:1      | DEFE the Demonspawn Wanderer began the quest for the Orb.
     0 | D:1      | DEFE set off with the following items: a +0 quarterstaff,
                  | 11 poisoned darts, a +0 dagger, a scroll of fog, a +0 robe;
                  | and the following spell memorised: Apportation; and the
                  | following spells available to memorise: Lesser Beckoning,
                  | Iskenderun's Mystic Blast.
     0 | D:1      | Reached XP level 1. HP: 15/15 MP: 2/2
   233 | D:1      | Reached skill level 2 in Staves
   233 | D:1      | Gained mutation: You regenerate magic rapidly. [demonic
                  | ancestry]
   233 | D:1      | Reached XP level 2. HP: 15/21 MP: 3/3
   932 | D:2      | Found a faded altar of an unknown god.
   987 | D:2      | Gained mutation: You are partially covered in molten
                  | scales. (AC +2) [demonic ancestry]
   987 | D:2      | Reached XP level 3. HP: 26/26 MP: 4/4
  1185 | D:2      | Reached skill level 3 in Staves
  1337 | D:2      | Noticed Jessica
  1338 | D:2      | Found a broken altar of Ashenzari.
  1351 | D:2      | Killed Jessica
  1352 | D:2      | Gained mutation: You regenerate a little health from kills.
                  | [demonic ancestry]
  1352 | D:2      | Reached XP level 4. HP: 26/32 MP: 5/5
  1445 | D:2      | Noticed Sigmund
  1701 | D:3      | Reached skill level 4 in Staves
  1757 | D:3      | Found Utumob's Antique Weapon Emporium.
  1771 | D:3      | Found a runed translucent gate.
  1771 | D:3      | Found a runed translucent gate.
  1771 | D:3      | Found a runed translucent gate.
  1772 | D:3      | Found an opulent altar of Gozag.
  1772 | D:3      | Noticed Shaduran's ghost (weakling HuIE)
  2042 | D:3      | HP: 1/32 [orc wizard/magic dart (10)]
  2044 | D:3      | Slain by an orc

Illustrated notes

Levels and vault maps discovered:
D:1:      dpeg_arrival_simpleton_b, layout_loops_ring, serial_forest,
          infiniplex_forest_clump_long, infiniplex_forest_lined_2,
          infiniplex_forest_straight_4, infiniplex_forest_clump_small,
          infiniplex_forest_pool, infiniplex_forest_lined_4_way,
          infiniplex_forest_straight_3, infiniplex_forest_lined_room_2,
          infiniplex_forest_straight_1, infiniplex_forest_clump_medium
D:2:      layout_basic, shapermc_ecumenical_altar_venn, basic_altar,
          chequers_jeans, minmay_tromino_i4, uniq_jessica, uniq_sigmund
D:3:      layout_loops_ring, serial_shops, nicolae_square_shop,
          ebering_ghost_gozag, st_stairs_13

Skill      XL: |  1  2  3  4 |
---------------+-------------+-----
Staves         | 2 3 4 |  4.1
Fighting       | |  1.0
Throwing       | |  1.0
Armour         | |  1.0
Spellcasting   | |  1.0
Translocations | |  3.6
Evocations     | |  1.0

Action                     |  1- 3 |  4- 6 || total
---------------------------+-------+-------++-------
  Melee: Quarterstaff      |   112 |    47 ||   159
  Throw: Dart              |       |     1 ||     1
    Use: Potion            |       |     2 ||     2
 Armour: Robe              |    20 |       ||    20
         Ring mail         |     5 |    14 ||    19
  Dodge: Dodged            |    88 |    33 ||   121

Table legend: (Time is in decaauts)
 A = Elapsed time spent in this place.
 B = Non-inter-level travel time spent in this place.
 C = Inter-level travel time spent in this place.
 D = Time resting spent in this place.
 E = Time spent auto-exploring this place.
 F = Levels seen in this place.
 G = Mean time per level.
                   A        B        C        D        E       F      G
               +--------+--------+--------+--------+--------+-----+--------+
         Total |   2067 |   2063 |      4 |    126 |   1502 |   3 |  689.0 |
       Dungeon |   2067 |   2063 |      4 |    126 |   1502 |   3 |  689.0 |
               +--------+--------+--------+--------+--------+-----+--------+

Top non-repeatable levels by time:
     D:1: 943 daAuts
     D:3: 597 daAuts
     D:2: 526 daAuts
